 Dungeon Crawl Stone Soup version 0.31-a0-202-g547052bce9 (webtiles) character file.

Game seed: 3445114962407741545

556 qw the Skirmisher (level 7, -3/40 HPs)
             Began as a Deep Elf Hunter on June 25, 2023.
             Succumbed to a killer bee's poison
             ... on level 5 of the Dungeon.
             The game lasted 00:01:25 (3719 turns).

qw the Skirmisher (Deep Elf Hunter)                 Turns: 3719, Time: 00:01:26

Health: -3/40      AC:  9    Str: 16    XL:     7   Next: 8%
Magic:  9/9        EV: 12    Int: 14    God:
Gold:   130        SH:  0    Dex: 18    Spells: 6/6 levels left

rFire   . . .        Y - +0 shortbow
rCold   . . .        (shield currently unavailable)
rNeg    . . .        f - +0 ring mail
rPois   .            (no helmet)
rElec   .            k - +1 cloak
rCorr   +            g - +1 pair of gloves
SInv    .            (no boots)
Will    .....        (no amulet)
Stlth   +            a - +6 ring of strength
HPRegen 0.26/turn    b - ring of resist corrosion
MPRegen 0.11/turn

%: no passive effects
@: lethally poisoned (-3 -> -20), about to teleport
A: no striking features
a: no special abilities


You were on level 5 of the Dungeon.
You visited 2 branches of the dungeon, and saw 6 of its levels.

You collected 220 gold pieces.
You spent 90 gold pieces at shops.


   Skills:
 - Level 2.1 Fighting
 + Level 10.4 Ranged Weapons
 - Level 1.4 Armour
 - Level 3.0 Dodging
 - Level 1.2 Stealth


You had 6 spell levels left.
You didn't know any spells.
Your spell library was empty.

Inventory:

Hand Weapons
 Y - a +0 shortbow (weapon)
Armour
 f - a +0 ring mail (worn)
 g - a +1 pair of gloves (worn)
 k - a +1 cloak (worn)
Jewellery
 a - a +6 ring of strength (left hand)
 b - a ring of resist corrosion (right hand)
Scrolls
 j - 6 scrolls of identify
Potions
 d - 4 potions of curing
 e - 6 potions of heal wounds
 i - 6 potions of enlightenment
 n - a potion of might

Dungeon Overview and Level Annotations

Branches:
Dungeon (5/15)             Temple (1/1) D:5

Altars:
Cheibriados
Dithmenos
Elyvilon
Hepliaklqana
Kikubaaqudgha
Makhleb
Nemelex Xobeh
Qazlal
Sif Muna
Trog
Uskayaw
Wu Jian
Xom
Zin
The Shining One

Shops:
D:4 [


Message History

The killer bee stings you but does no damage.
The killer bee barely misses you. The killer bee stings you!
You shoot an arrow. The arrow hits the killer bee.
The killer bee is heavily wounded.
You feel sick.
The killer bee stings you but does no damage. x2
The killer bee misses you. x2
You shoot an arrow. The arrow misses the killer bee.
You feel sick.
The killer bee stings you but does no damage.
The killer bee misses you. The killer bee barely misses you.
The killer bee stings you but does no damage.
You shoot an arrow. The arrow hits the killer bee.
The killer bee is severely wounded.
You feel sick. The killer bee stings you.
You are more poisoned.
The killer bee poisons you!
The killer bee stings you but does no damage.
The killer bee stings you.
You are lethally poisoned!
The killer bee poisons you!
The killer bee stings you but does no damage.
You shoot an arrow. The arrow hits the killer bee.
You kill the killer bee!
You feel very sick.
The killer bee stings you but does no damage.
The killer bee stings you.
You are more poisoned.
The killer bee poisons you!
The killer bee stings you but does no damage.
You have reached level 7!
You shoot an arrow.
The arrow closely misses the killer bee.
You feel very sick. The killer bee stings you!
The killer bee barely misses you. x2
The killer bee completely misses you.
3719 ||| READING scroll of teleportation.
As you read the scroll of teleportation, it crumbles to dust.
You feel strangely unstable.
You die...

.........###.#
####..##.# #.#
##...#.###.#######
#................#
##.........#####.#
#..######.# #.#
#..######.# #.#
#.........#####.#
##'#########y@..#
##...## #y####
##.....## #y
##.......## #.
#...(.....# ..
+.........+ ...
#.........# #..
##..../..## ###.
##.....## #..


You could see 3 killer bees.

Vanquished Creatures
  A phantom (D:5)
  A scorpion (D:5)
  2 killer bees (D:5)
  2 hounds
  2 jellies (D:5)
  2 iguanas
  A gnoll (D:1)
  5 adders
  An adder zombie (D:2)
  An adder skeleton (D:2)
  4 worms
  5 dart slugs
  5 orcs
  A bat skeleton (D:2)
  4 endoplasms
  3 giant cockroaches
  7 goblins
  9 hobgoblins
  A jackal (D:1)
  3 quokkas
  3 ball pythons
  3 bats (D:2)
  8 frilled lizards
  6 kobolds
  6 rats
86 creatures vanquished.

Notes
Turn   | Place    | Note
-------+----------+-------------------------------------------
     0 | D:1      | qw the Deep Elf Hunter began the quest for the Orb.
     0 | D:1      | Reached XP level 1. HP: 12/12 MP: 3/3
     0 | D:1      | 0 ||| qw: Version: 0.3-a-22-g0ed2b0b
     0 | D:1      | 0 ||| qw: Game counter: 5730
     0 | D:1      | 0 ||| qw: Melee chars always use a shield: true
     0 | D:1      | 0 ||| qw: God list: Okawaru
     0 | D:1      | 0 ||| qw: Allow faded altars: false
     0 | D:1      | 0 ||| qw: Do Orc after clearing Dungeon:15 true
     0 | D:1      | 0 ||| qw: Do second Lair branch before Depths: true
     0 | D:1      | 0 ||| qw: Lair rune preference: random
     0 | D:1      | 0 ||| qw: Goals: Normal
     0 | D:1      | 0 ||| PLANNING D:1-11
   196 | D:1      | Reached XP level 2. HP: 16/16 MP: 4/4
   238 | D:1      | Reached skill level 6 in Ranged Weapons
   586 | D:1      | Reached XP level 3. HP: 20/20 MP: 5/5
  1036 | D:1      | 1036 ||| UPGRADING to +0 ring mail.
  1046 | D:1      | 1046 ||| DROPPING +0 leather armour.
  1047 | D:1      | 1047 ||| UPGRADING to +0 cloak.
  1052 | D:1      | 1052 ||| DROPPING ring of wizardry.
  1053 | D:1      | 1053 ||| READING scroll labelled TUXAEH RYTAZ.
  1054 | D:1      | 1054 ||| READING scroll labelled BOGHUT SULEP.
  1055 | D:1      | 1055 ||| READING 3 scrolls labelled ZEFUTO JAXTEDO.
  1056 | D:1      | 1056 ||| READING scroll labelled ISAOMU YFFYED.
  1057 | D:1      | 1057 ||| DRINKING 3 glowing ruby potions.
  1058 | D:1      | 1058 ||| DRINKING 2 fuming inky potions.
  1059 | D:1      | 1059 ||| DRINKING 2 silvery potions.
  1060 | D:1      | 1060 ||| READING 2 scrolls of identify.
  1060 | D:1      | 1060 ||| IDENTIFYING bubbling green potion
  1061 | D:1      | 1061 ||| DROPPING scroll of butterflies.
  1178 | D:2      | Reached skill level 7 in Ranged Weapons
  1443 | D:2      | Reached XP level 4. HP: 25/25 MP: 6/6
  1608 | D:2      | 1608 ||| READING scroll of enchant armour.
  1608 | D:2      | 1608 ||| ENCHANTING +0 cloak.
  1835 | D:2      | 1835 ||| READING 3 scrolls labelled SEIVOY QUSO.
  1836 | D:2      | 1836 ||| READING scroll labelled UMEYLYTZUS.
  1839 | D:2      | 1839 ||| READING 3 scrolls of identify.
  1839 | D:2      | 1839 ||| IDENTIFYING smoky ruby potion
  1840 | D:2      | 1840 ||| DROPPING 2 scrolls of amnesia.
  1841 | D:2      | 1841 ||| DROPPING potion of magic.
  2152 | D:3      | Reached skill level 8 in Ranged Weapons
  2432 | D:3      | Found a white marble altar of Elyvilon.
  2434 | D:3      | Reached XP level 5. HP: 29/29 MP: 7/7
  2452 | D:3      | 2452 ||| UPGRADING to +1 pair of gloves.
  2457 | D:3      | 2457 ||| READING scroll labelled SOWUS YROI.
  2458 | D:3      | 2458 ||| READING scroll labelled TOS AMUICZE.
  2459 | D:3      | 2459 ||| READING 4 scrolls of identify.
  2459 | D:3      | 2459 ||| IDENTIFYING lumpy dark potion
  2460 | D:3      | 2460 ||| DROPPING potion of berserk rage.
  2508 | D:4      | Found Qanax's Armour Shoppe.
  2523 | D:4      | 2523 ||| SHOPLISTING +2 scale mail of positive energy (180
                  | gold, have 134).
  2523 | D:4      | 2523 ||| SHOPLISTING +4 ring mail of poison resistance (280
                  | gold, have 134).
  2753 | D:4      | Found a stormy altar of Qazlal.
  2867 | D:4      | Found a hide-covered altar of Uskayaw.
  2892 | D:4      | Reached skill level 9 in Ranged Weapons
  2903 | D:4      | 2903 ||| UPGRADING to +6 ring of strength.
  2916 | D:5      | Entered Level 5 of the Dungeon
  3119 | D:5      | Reached skill level 3 in Dodging
  3119 | D:5      | Reached XP level 6. HP: 35/35 MP: 8/8
  3129 | D:5      | Found Zin's Purification Station.
  3130 | D:5      | Found a glowing silver altar of Zin.
  3137 | D:5      | 3137 ||| BUYING potion of curing (90 gold).
  3137 | D:5      | Bought a potion of curing for 90 gold pieces
  3274 | D:5      | Found a staircase to the Ecumenical Temple.
  3275 | D:5      | 3275 ||| PLANNING TEMPLE
  3275 | D:5      | 3275 ||| UPGRADING to ring of resist corrosion.
  3284 | Temple   | Entered the Ecumenical Temple
  3383 | Temple   | 3383 ||| PLANNING D:1-11
  3503 | D:5      | Found a sparkling altar of Nemelex Xobeh.
  3536 | D:5      | Reached skill level 1 in Armour
  3583 | D:5      | Reached skill level 10 in Ranged Weapons
  3718 | D:5      | Reached XP level 7. HP: 13/40 MP: 9/9
  3718 | D:5      | HP: 8/40 [poisoned by a killer bee]
  3718 | D:5      | HP: 1/40 [killer bee (7)]
  3719 | D:5      | 3719 ||| READING scroll of teleportation.
  3719 | D:5      | Succumbed to a killer bee's poison

Levels and vault maps discovered:
D:1:      dpeg_arrival_brainrot, layout_loops_ring,
          chequers_hall_statues_corner_a, chequers_serial_rivers_room_a
D:2:      layout_loops_ring, serial_undead, serial_undead_b, serial_undead_d,
          serial_undead_a, serial_undead_c, minmay_misc_feat_secret_circle,
          grunt_decor_fettered
D:3:      layout_rooms, mainiacjoe_overflow_alcove_4
D:4:      layout_rooms, kennysheep_little_box, nicolae_qazlal_general_emergency,
          serial_shops, nicolae_shop_getting_attention
D:5:      layout_loops_corners, zin_purify, nemelex_spade_bored_becter,
          minmay_temple_entry_butterflies, serial_shops, nicolae_diamond_shop
Temple:   hellmonk_temple_beads

Skill      XL: |  1  2  3  4  5  6 |
---------------+-------------------+-----
Ranged Weapons | 6 7 8 9 10 | 10.4
Fighting       | 2 |  2.1
Dodging        | 3 |  3.0
Armour         | 1 |  1.4
Stealth        | |  1.2

Action                     |  1- 3 |  4- 6 |  7- 9 || total
---------------------------+-------+-------+-------++-------
   Fire: Shortbow          |   120 |   216 |     1 ||   337
    Use: Scroll            |     5 |     7 |     1 ||    13
         Potion            |     3 |       |       ||     3
 Armour: Leather armour    |     6 |       |       ||     6
         Ring mail         |    12 |    32 |       ||    44
  Dodge: Dodged            |    23 |    57 |     3 ||    83

Table legend:
 A = Non-vault XP
 B = Vault XP
 C = Vault XP percentage of total XP
 D = Non-vault monster count
 E = Vault monster count
 F = Vault count percentage of total count
                 A         B        C        D         E       F
            +---------+---------+-------+---------+---------+-------
      Total |     780 |      15 |   1.9 |      82 |       4 |   4.7
            +---------+---------+-------+---------+---------+-------
        D:1 |      49 |       2 |   3.9 |      21 |       1 |   4.5
        D:2 |      54 |      13 |  19.4 |      20 |       3 |  13.0
        D:3 |      78 |       0 |   0.0 |      14 |       0 |   0.0
        D:4 |     111 |       0 |   0.0 |      18 |       0 |   0.0
        D:5 |     488 |       0 |   0.0 |       9 |       0 |   0.0
            +---------+---------+-------+---------+---------+-------
